 Dungeon Sprint DCSS version 0.16-a0-3781-g2316936 (console) character file.

1145 Monkaria the Severer (level 8, -14/79 HPs)
             Began as a Hill Orc Fighter on Jan 25, 2015.
             Shot with an arrow by a centaur warrior (18 damage)
             ... in the Dungeon (Sprint I: "Red Sonja").
             The game lasted 00:02:16 (983 turns).

Monkaria the Severer (Hill Orc Fighter)              Turns: 983, Time: 00:02:17

Health: -14/79     AC:  6    Str: 21    XL:     8   Next: 37%
Magic:  8/8        EV:  8    Int:  8    God:
Gold:   312        SH: 11    Dex: 10    Spells: 0 memorised, 7 levels left

rFire  . . .     SeeInvis .     a - +0 war axe
rCold  . . .     Clarity  .     b - +0 scale mail
rNeg   . . .     SustAb   .     c - +0 shield
rPois  .         Gourm    .     (no helmet)
rElec  .         Spirit   .     (no cloak)
rCorr  .         Warding  .     (no gloves)
rMut   .         NoTele   +     (no boots)
MR     .....                    (no amulet)
Stlth  ..........               (no ring)
                                (no ring)

@: exhausted, slowed, very slow, not resistant to hostile enchantments,
extremely unstealthy
A: no striking features
a: no special abilities


You were in the Dungeon.
You were hungry.

You visited 1 branch You collected 312 gold pieces.

Inventory:

Hand weapons
 a - a +0 war axe (weapon)
Armour
 b - a +0 scale mail (worn)
 c - a +0 shield (worn)
Magical devices
 f - a wand of teleportation (5)
Scrolls
 k - a scroll of blinking
Potions
 e - a potion of might
 g - a potion of heal wounds
 h - a potion of haste
 i - 2 potions of magic
Comestibles
 d - a meat ration


   Skills:
 - Level 10.0 Fighting
 * Level 17.7 Axes
 - Level 3.2 Armour
 + Level 8.3 Shields


You had 7 spell levels left.
You didn't know any spells.

Dungeon Overview and Level Annotations

Branches:
Dungeon (1/1)

Altars:
Cheibriados
Dithmenos
Elyvilon
Fedhas
Gozag
Kikubaaqudgha
Makhleb
Nemelex Xobeh
Okawaru
Qazlal
Ru
Sif Muna
Trog
Vehumet
Xom
Yredelemnul
Zin
The Shining One
Jiyva

Shops:
D (


Message History

There is an open door here.
What do you say? t - Shout!
Anything else - Stay silent.
You shout wildly!
You feel your anger subside.
You are no longer berserk.
You pass out from exhaustion.
You feel yourself slow down.
You are feeling hungry.
The centaur warrior wields a longbow.
The centaur warrior shoots an arrow.
The arrow hits you!!
* * * LOW HITPOINT WARNING * * *
The centaur warrior shoots an arrow.
The arrow completely misses you.
You can move again.
Unknown command.
Unknown command.
Unknown command.
Unknown command.
The centaur warrior shoots an arrow.
The arrow hits you!!
You die...

###################
#<.#..)..#..'..#__#
#..').#..').#..'..+
#..#####'#####'#__# #
#..####..#...#.####%§
#..#__####..##(#§§§§.#
#..#_..__##'#(.(§c§§§
#⌠⌠#_.∩...'...@#≈≈§§§
####_..._##_.#'##+###
#_____###+#(# #######
###


You could see a centaur warrior.

Vanquished Creatures
  A centaur warrior (D)
  A slime creature (D)
  A yak (D)
  An ogre (D)
  Sigmund (D)
  A jelly (D)
  Ijyb (D)
7 creatures vanquished.

Vanquished Creatures (others)
  A gargoyle (D)
1 creature vanquished.

Grand Total: 8 creatures vanquished

Notes
Turn   | Place    | Note
--------------------------------------------------------------
     0 | D        | Monkaria, the Hill Orc Fighter, began the quest for the Orb.
     0 | D        | Reached XP level 1. HP: 19/19 MP: 1/1
     1 | D        | Noticed Ijyb
    22 | D        | Killed Ijyb
    22 | D        | Reached skill level 5 in Fighting
    22 | D        | Reached skill level 6 in Axes
    22 | D        | Reached XP level 2. HP: 17/29 MP: 2/2
   157 | D        | Noticed an ogre
   160 | D        | Killed an ogre
   160 | D        | Reached skill level 7 in Fighting
   160 | D        | Reached skill level 9 in Axes
   160 | D        | Reached XP level 3. HP: 33/39 MP: 3/3
   160 | D        | Reached XP level 4. HP: 39/47 MP: 4/4
   213 | D        | Noticed Sigmund
   261 | D        | Killed Sigmund
   261 | D        | Reached skill level 11 in Axes
   261 | D        | Reached XP level 5. HP: 21/55 MP: 5/5
   418 | D        | Killed a gargoyle
   598 | D        | Found a deep blue altar of Sif Muna.
   599 | D        | Noticed a jelly
   600 | D        | Found a radiant altar of Vehumet.
   605 | D        | Killed a jelly
   605 | D        | Reached skill level 12 in Axes
   630 | D        | Found Papneime's Weapon Emporium.
   630 | D        | Found a white marble altar of Elyvilon.
   630 | D        | Found a stormy altar of Qazlal.
   630 | D        | Found a burning altar of Makhleb.
   630 | D        | Found a sacrificial altar of Ru.
   630 | D        | Found a basalt altar of Yredelemnul.
   630 | D        | Found a glowing golden altar of the Shining One.
   630 | D        | Found a sparkling altar of Nemelex Xobeh.
   630 | D        | Found a shimmering altar of Xom.
   630 | D        | Found an opulent altar of Gozag.
   630 | D        | Found an ancient bone altar of Kikubaaqudgha.
   630 | D        | Found a glowing silver altar of Zin.
   630 | D        | Noticed a yak
   635 | D        | Killed a yak
   635 | D        | Reached skill level 10 in Fighting
   635 | D        | Reached skill level 13 in Axes
   635 | D        | Reached XP level 6. HP: 50/66 MP: 6/6
   636 | D        | Found an iron altar of Okawaru.
   637 | D        | Found a bloodstained altar of Trog.
   722 | D        | Found a viscous altar of Jiyva.
   722 | D        | Found a blossoming altar of Fedhas.
   722 | D        | Noticed a slime creature
   738 | D        | Killed a slime creature
   738 | D        | Reached skill level 15 in Axes
   738 | D        | Reached skill level 5 in Shields
   738 | D        | Reached XP level 7. HP: 24/72 MP: 7/7
   739 | D        | Found a snail-covered altar of Cheibriados.
   739 | D        | Found a shadowy altar of Dithmenos.
   956 | D        | Noticed a centaur warrior
   956 | D        | Noticed a centaur warrior
   974 | D        | Killed a centaur warrior
   974 | D        | Reached skill level 17 in Axes
   974 | D        | Reached XP level 8. HP: 38/79 MP: 8/8
   981 | D        | HP: 3/79 [centaur warrior/arrow (23)]
   983 | D        | Shot with an arrow by a centaur warrior

Action                   |  1- 3 |  4- 6 |  7- 9 || total
-------------------------+-------+-------+-------++-------
Melee: War axe           |    23 |    38 |     5 ||    66
  Use: Potion            |       |     1 |     1 ||     2
